PA
SOUTH BEACH BLAZE @ WASHINGTON GENERALS
05/20/2034
 
TOP OF THE 1ST
South Beach Blaze batting - Pitching for Washington Generals : LHP Dan Craggs
Pitching: LHP Dan Craggs
Batting: RHB Kimi Okubo 0-0: Foul Ball, location: 2F
0-1: Ball
1-1: Ball
2-1: Ball
3-1: Called Strike
3-2: Strikes out looking
Batting: SHB Jason Graham 0-0: Ball
1-0: Ball
2-0: Ball
3-0: Called Strike
3-1: Called Strike
3-2: Base on Balls
Batting: LHB Lewis Blankenship 0-0: Ball
1-0: Ball
2-0: Ball
3-0: Called Strike
3-1: Base on Balls
Jason Graham to second
Batting: RHB Dave Broom 0-0: Ball
1-0: Called Strike
1-1: Called Strike
1-2: Ball
2-2: Grounds into double play, 5-4-3 (Groundball, 5)
Top of the 1st over - 0 runs, 0 hits, 0 errors, 1 left on base; South Beach 0 - Washington 0
BOTTOM OF THE 1ST
Washington Generals batting - Pitching for South Beach Blaze : RHP Juan Sánchez
Pitching: RHP Juan Sánchez
Batting: RHB Fernando Acevedo 0-0: Ball
1-0: Called Strike
1-1: Fly out, F7 (Flyball, 78M)
Batting: RHB Wen-hua Zhŕo 0-0: Ball
1-0: Called Strike
1-1: Ball
2-1: Swinging Strike
2-2: Ball
3-2: Ground out 5-3 (Groundball, 56S)
Batting: RHB Dale Clark 0-0: Called Strike
0-1: Called Strike
0-2: Ball
1-2: Ball
2-2: Ball
3-2: Foul Ball, location: 2F
3-2: Base on Balls
Batting: LHB Silas Givens 0-0: Called Strike
Dale Clark is caught stealing 2nd base
Bottom of the 1st over - 0 runs, 0 hits, 0 errors, 0 left on base; South Beach 0 - Washington 0
TOP OF THE 2ND
South Beach Blaze batting - Pitching for Washington Generals : LHP Dan Craggs
Batting: RHB Maxence Sultanbekov 0-0: Called Strike
0-1: Swinging Strike
0-2: Foul Ball, location: 2F
0-2: Ball
1-2: Ball
2-2: Ball
3-2: Base on Balls
Batting: RHB Emílio Ramírez 0-0: Ball
1-0: Ball
2-0: Ball
3-0: Base on Balls
Maxence Sultanbekov to second
Batting: RHB Mark Patterson 0-0: Ball
1-0: Foul Ball, location: 2F
1-1: Foul Ball, location: 2F
1-2: Fly out, F8 (Flyball, 8LS)
Batting: RHB Marcos Reyes 0-0: Ball
1-0: Ball
2-0: Ball
3-0: Base on Balls
Maxence Sultanbekov to third
Emílio Ramírez to second
Batting: SHB Noah Martone 0-0: Ball
1-0: SINGLE (Flyball, 7LS)
Maxence Sultanbekov scores
Emílio Ramírez to third
Marcos Reyes to second
Runner from 3rd tries for Home, SAFE, no throw
Batting: RHB Kimi Okubo 0-0: Ball
1-0: Ball
2-0: Ball
3-0: Called Strike
3-1: Called Strike
3-2: Base on Balls
Marcos Reyes to third
Noah Martone to second
Batting: SHB Jason Graham 0-0: Ground out 6-3 (Groundball, 6S)
Marcos Reyes scores
Noah Martone to third
Kimi Okubo to second
Batting: LHB Lewis Blankenship 0-0: SINGLE (Line Drive, 78M)
Noah Martone scores
Kimi Okubo to third
Runner from 3rd tries for Home, SAFE, no throw
Batting: RHB Dave Broom 0-0: Ball
1-0: Called Strike
1-1: SINGLE (Line Drive, 89M)
Lewis Blankenship to second
Runner from 2nd tries for 3rd, SAFE, throw made to third
Batting: RHB Maxence Sultanbekov 0-0: Ball
1-0: Ball
2-0: Fly out, F8 (Line Drive, 8LD)
Top of the 2nd over - 5 runs, 3 hits, 0 errors, 2 left on base; South Beach 5 - Washington 0
BOTTOM OF THE 2ND
Washington Generals batting - Pitching for South Beach Blaze : RHP Juan Sánchez
Batting: LHB Silas Givens 0-0: Called Strike
0-1: Ball
1-1: Foul Ball, location: 2F
1-2: Strikes out swinging
Batting: RHB Ashton Bailey 0-0: Ball
1-0: Called Strike
1-1: Ball
2-1: Swinging Strike
2-2: Ball
3-2: Foul Ball, location: 2F
3-2: Strikes out looking
Batting: RHB Eun-bum Song 0-0: Ball
1-0: DOUBLE (Flyball, 89D)
Batting: RHB Abel Murphy 0-0: Called Strike
0-1: Ball
1-1: Ground out 6-3 (Groundball, 56)
Bottom of the 2nd over - 0 runs, 1 hit, 0 errors, 1 left on base; South Beach 5 - Washington 0
TOP OF THE 3RD
South Beach Blaze batting - Pitching for Washington Generals : LHP Dan Craggs
Batting: RHB Emílio Ramírez 0-0: Ball
1-0: Ball
2-0: Called Strike
2-1: Swinging Strike
2-2: Foul Ball, location: 2F
2-2: Foul Ball, location: 2F
2-2: Fly out, F6 (Line Drive, 6M)
Batting: RHB Mark Patterson 0-0: Ball
1-0: Ball
2-0: Ball
3-0: Base on Balls
Batting: RHB Marcos Reyes 0-0: Ball
1-0: Called Strike
1-1: Swinging Strike
1-2: Strikes out swinging
Batting: SHB Noah Martone 0-0: Ball
1-0: DOUBLE (Flyball, 8LD)
Mark Patterson to third
Runner from 3rd tries for Home, SAFE, no throw
Batting: RHB Kimi Okubo 0-0: Ball
1-0: Ball
2-0: Ball
3-0: Base on Balls
Batting: SHB Jason Graham 0-0: Ball
1-0: DOUBLE (Flyball, 8LD)
Noah Martone scores
Kimi Okubo to third
Runner from 3rd tries for Home, SAFE, no throw
Batting: LHB Lewis Blankenship 0-0: Ball
1-0: Ball
2-0: Ball
3-0: Called Strike
3-1: DOUBLE (Line Drive, 9D)
Jason Graham scores
Batting: RHB Dave Broom 0-0: Ball
1-0: Called Strike
1-1: Called Strike
1-2: Fly out, F6 (Popup, 4MD)
Top of the 3rd over - 4 runs, 3 hits, 0 errors, 1 left on base; South Beach 9 - Washington 0
BOTTOM OF THE 3RD
Washington Generals batting - Pitching for South Beach Blaze : RHP Juan Sánchez
Batting: RHB Raúl Ocasio 0-0: Ball
1-0: Called Strike
1-1: Swinging Strike
1-2: Ball
2-2: Ball
3-2: Fly out, F3 (Popup, 3SF)
Batting: LHB Mike O'Neil 0-0: Ball
1-0: DOUBLE (Line Drive, 78M)
Batting: RHB Fernando Acevedo 0-0: Fly out, F7 (Line Drive, 7)
Batting: RHB Wen-hua Zhŕo 0-0: Called Strike
0-1: Ball
1-1: Fly out, F8 (Flyball, 8LD)
Bottom of the 3rd over - 0 runs, 1 hit, 0 errors, 1 left on base; South Beach 9 - Washington 0
TOP OF THE 4TH
South Beach Blaze batting - Pitching for Washington Generals : LHP Dan Craggs
Batting: RHB Maxence Sultanbekov 0-0: Ball
1-0: Called Strike
1-1: Swinging Strike
1-2: Ball
2-2: Ball
3-2: Fly out, F8 (Flyball, 8LD)
Batting: RHB Emílio Ramírez 0-0: Ball
1-0: Foul Ball, location: 2F
1-1: Swinging Strike
1-2: Ball
2-2: Foul Ball, location: 2F
2-2: Ball
3-2: Fly out, F8 (Line Drive, 8LXD)
Batting: RHB Mark Patterson 0-0: Ball
1-0: Ball
2-0: Ground out 5-3 (Groundball, 56S)
Top of the 4th over - 0 runs, 0 hits, 0 errors, 0 left on base; South Beach 9 - Washington 0
BOTTOM OF THE 4TH
Washington Generals batting - Pitching for South Beach Blaze : RHP Juan Sánchez
Batting: RHB Dale Clark 0-0: Ball
1-0: Called Strike
1-1: Fly out, F8 (Flyball, 8LD)
Batting: LHB Silas Givens 0-0: Ball
1-0: Fly out, F7 (Flyball, 7)
Batting: RHB Ashton Bailey 0-0: Ball
1-0: Foul Ball, location: 2F
1-1: Fly out, F9 (Flyball, 89S)
Bottom of the 4th over - 0 runs, 0 hits, 0 errors, 0 left on base; South Beach 9 - Washington 0
TOP OF THE 5TH
South Beach Blaze batting - Pitching for Washington Generals : LHP Dan Craggs
Batting: RHB Marcos Reyes 0-0: Ball
1-0: Called Strike
1-1: Ball
2-1: Foul Ball, location: 2F
2-2: Ball
3-2: Fly out, F8 (Flyball, 8RD)
Batting: SHB Noah Martone 0-0: Ground out 2-3 (Groundball, 2R)
Batting: RHB Kimi Okubo 0-0: Ball
1-0: Ball
2-0: Ball
3-0: Base on Balls
Batting: SHB Jason Graham 0-0: Ball
1-0: Ball
2-0: Ball
3-0: Called Strike
3-1: Fielders Choice at 2nd, 6-4 (Groundball, 6)
Top of the 5th over - 0 runs, 0 hits, 0 errors, 1 left on base; South Beach 9 - Washington 0
BOTTOM OF THE 5TH
Washington Generals batting - Pitching for South Beach Blaze : RHP Juan Sánchez
Batting: RHB Eun-bum Song 0-0: Foul Ball, location: 2F
0-1: Ground out 5-3 (Groundball, 56)
Batting: RHB Abel Murphy 0-0: Ball
1-0: Swinging Strike
1-1: Swinging Strike
1-2: Strikes out looking
Batting: RHB Raúl Ocasio 0-0: Ball
1-0: SOLO HOME RUN (Flyball, 7D), Distance : 397 ft
Batting: LHB Mike O'Neil 0-0: Ball
1-0: Called Strike
1-1: Reached on error, E3 (Groundball, 34S)
Batting: RHB Fernando Acevedo 0-0: Ball
1-0: Called Strike
1-1: Foul Ball, location: 2F
1-2: Ball
2-2: Foul Ball, location: 2F
2-2: Foul Ball, location: 2F
2-2: Foul Ball, location: 2F
2-2: Ball
3-2: Reached on error, E6 (Groundball, 56)
Mike O'Neil to second
Batting: RHB Wen-hua Zhŕo 0-0: Foul Ball, location: 2F
0-1: Ground out 1-3 (Groundball, 13S)
Bottom of the 5th over - 1 run, 1 hit, 2 errors, 2 left on base; South Beach 9 - Washington 1
TOP OF THE 6TH
South Beach Blaze batting - Pitching for Washington Generals : LHP Dan Craggs
Batting: LHB Lewis Blankenship 0-0: Ball
1-0: Foul Ball, location: 2F
1-1: Swinging Strike
1-2: Foul Ball, location: 2F
1-2: Ball
2-2: Strikes out swinging
Batting: RHB Dave Broom 0-0: Ground out 6-3 (Groundball, 6)
Batting: RHB Maxence Sultanbekov 0-0: Ball
1-0: Ball
2-0: Called Strike
2-1: Ball
3-1: Ground out 6-3 (Groundball, 6)
Top of the 6th over - 0 runs, 0 hits, 0 errors, 0 left on base; South Beach 9 - Washington 1
BOTTOM OF THE 6TH
Washington Generals batting - Pitching for South Beach Blaze : RHP Juan Sánchez
Batting: RHB Dale Clark 0-0: Called Strike
0-1: Foul Ball, location: 2F
0-2: Foul Ball, location: 2F
0-2: SINGLE (Groundball, 6MD)
Batting: LHB Silas Givens 0-0: Called Strike
0-1: Swinging Strike
0-2: Ball
1-2: Strikes out swinging
Batting: RHB Ashton Bailey 0-0: Called Strike
0-1: SINGLE (Groundball, 56D)
Dale Clark to second
Batting: RHB Eun-bum Song 0-0: Ball
1-0: TRIPLE (Flyball, 8LXD)
Dale Clark scores
Ashton Bailey scores
Batting: RHB Abel Murphy 0-0: Ball
1-0: SINGLE (Groundball, 34S) (infield hit)
Eun-bum Song scores
Batting: RHB Raúl Ocasio 0-0: Ball
1-0: Ball
Pickoff Throw to First - Out!
2-0: Called Strike
2-1: Swinging Strike
2-2: Strikes out swinging
Bottom of the 6th over - 3 runs, 4 hits, 0 errors, 0 left on base; South Beach 9 - Washington 4
TOP OF THE 7TH
South Beach Blaze batting - Pitching for Washington Generals : LHP Dan Craggs
Pitching: RHP Abdel Bellec
Batting: RHB Emílio Ramírez 0-0: Ball
1-0: Called Strike
1-1: Foul Ball, location: 2F
1-2: Ball
2-2: Ball
3-2: Base on Balls
Batting: RHB Mark Patterson 0-0: Ball
1-0: Ball
Emílio Ramírez steals 2nd base
2-0: Swinging Strike
Passed Ball!
Emílio Ramírez to third
2-1: Foul Ball, location: 2F
2-2: Strikes out looking
Batting: RHB Marcos Reyes 0-0: Called Strike
0-1: Ball
1-1: Swinging Strike
1-2: Foul Ball, location: 2F
1-2: Ground out 6-3 (Groundball, 6)
Batting: SHB Noah Martone 0-0: Ground out 4-3 (Groundball, 34D)
Top of the 7th over - 0 runs, 0 hits, 0 errors, 1 left on base; South Beach 9 - Washington 4
BOTTOM OF THE 7TH
Washington Generals batting - Pitching for South Beach Blaze : RHP Juan Sánchez
Pitching: RHP Rex Aguilera
Batting: LHB Mike O'Neil 0-0: Swinging Strike
0-1: Ground out 4-3 (Groundball, 34D)
Batting: RHB Fernando Acevedo 0-0: Called Strike
0-1: Swinging Strike
0-2: Foul Ball, location: 2F
0-2: Ball
1-2: Foul Ball, location: 2F
1-2: Foul Ball, location: 2F
1-2: Strikes out swinging
Batting: RHB Wen-hua Zhŕo 0-0: Called Strike
0-1: Ball
1-1: Called Strike
1-2: Ground out 5-3 (Groundball, 56S)
Bottom of the 7th over - 0 runs, 0 hits, 0 errors, 0 left on base; South Beach 9 - Washington 4
TOP OF THE 8TH
South Beach Blaze batting - Pitching for Washington Generals : RHP Abdel Bellec
Batting: RHB Kimi Okubo 0-0: Ball
1-0: Ball
2-0: Ball
3-0: Base on Balls
Batting: SHB Jason Graham 0-0: Ball
Wild Pitch!
Kimi Okubo to second
1-0: Swinging Strike
1-1: Ball
2-1: SINGLE (Line Drive, 89M)
Kimi Okubo to third
Runner from 3rd tries for Home, SAFE, throw made home
Batting: LHB Lewis Blankenship 0-0: Swinging Strike
0-1: Swinging Strike
0-2: Fly out, F8 (Flyball, 8LS)
Batting: RHB Dave Broom 0-0: Ball
1-0: Ball
2-0: Called Strike
2-1: Foul Ball, location: 2F
2-2: Strikes out swinging
Batting: RHB Maxence Sultanbekov 0-0: Ball
Jason Graham steals 2nd base
1-0: Ball
2-0: SINGLE (Groundball, 34D)
Jason Graham to third
Runner from 3rd tries for Home, SAFE, no throw
Batting: RHB Emílio Ramírez 0-0: Called Strike
0-1: SINGLE (Flyball, 7S)
Maxence Sultanbekov to second
Runner from 2nd tries for 3rd, SAFE, no throw
Batting: RHB Mark Patterson 0-0: Swinging Strike
0-1: Foul Ball, location: 2F
0-2: Foul Ball, location: 2F
0-2: Strikes out swinging
Top of the 8th over - 2 runs, 3 hits, 0 errors, 2 left on base; South Beach 11 - Washington 4
BOTTOM OF THE 8TH
Washington Generals batting - Pitching for South Beach Blaze : RHP Rex Aguilera
Batting: RHB Dale Clark 0-0: Ball
1-0: DOUBLE (Flyball, 89D)
Batting: LHB Silas Givens 0-0: Ball
1-0: Foul Ball, location: 2F
1-1: Called Strike
1-2: Foul Ball, location: 2F
1-2: Ball
2-2: Strikes out swinging
Batting: RHB Ashton Bailey 0-0: Swinging Strike
0-1: Ball
1-1: Foul Ball, location: 2F
1-2: SINGLE (Flyball, 9LS)
Dale Clark to third
Batting: RHB Eun-bum Song 0-0: SINGLE (Line Drive, 7LS)
Dale Clark scores
Ashton Bailey to second
Batting: RHB Abel Murphy 0-0: Ball
1-0: Called Strike
1-1: Swinging Strike
1-2: Ball
2-2: Ball
3-2: Foul Ball, location: 2F
3-2: Grounds into double play, 4-6-3 (Groundball, 4)
Bottom of the 8th over - 1 run, 3 hits, 0 errors, 1 left on base; South Beach 11 - Washington 5
TOP OF THE 9TH
South Beach Blaze batting - Pitching for Washington Generals : RHP Abdel Bellec
Batting: RHB Marcos Reyes 0-0: Fly out, F5 (Popup, 5SF)
Batting: SHB Noah Martone 0-0: Ball
1-0: Foul Ball, location: 2F
1-1: Foul Ball, location: 2F
1-2: Ball
2-2: Ground out U3 (Groundball, 3)
Batting: RHB Kimi Okubo 0-0: TRIPLE (Line Drive, 89XD)
Batting: SHB Jason Graham 0-0: Ball
1-0: Ball
2-0: Ball
3-0: Called Strike
3-1: Base on Balls
Batting: LHB Lewis Blankenship 0-0: Foul Ball, location: 2F
0-1: Ball
1-1: Reached on error, E5 (Groundball, 56)
Kimi Okubo scores
Jason Graham to second
Batting: RHB Dave Broom 0-0: Ball
1-0: Fielders Choice at 2nd, 6-4 (Groundball, 6)
Top of the 9th over - 1 run, 1 hit, 1 error, 2 left on base; South Beach 12 - Washington 5
BOTTOM OF THE 9TH
Washington Generals batting - Pitching for South Beach Blaze : RHP Rex Aguilera
Batting: RHB Raúl Ocasio 0-0: Ball
1-0: Called Strike
1-1: Called Strike
1-2: Strikes out swinging
Batting: LHB Mike O'Neil 0-0: Called Strike
0-1: Swinging Strike
0-2: Ball
1-2: Ball
2-2: Strikes out swinging
Batting: RHB Fernando Acevedo 0-0: Ball
1-0: Ball
2-0: Swinging Strike
2-1: Fly out, F8 (Flyball, 8LS)
Bottom of the 9th over - 0 runs, 0 hits, 0 errors, 0 left on base; South Beach 12 - Washington 5
Friday, March 29th, 2019 - OOTP Baseball 18.8 Build 76